Cogmind - Beta 16 @@@ ROGUE MODE // 2025.12.18 @ 11:16:00 Player: emory Result: Destroyed by L-31 Rogue with Katana Performance ------------- Evolutions (0) 0 Regions Visited (4) 800 Robots Destroyed (0) 0 Value Destroyed (0) 0 Prototype IDs (1) 20 Alien Tech Used (0) 0 Bonus (307) 307 TOTAL SCORE: 1127 Bonus ------- Follower Combat Kills 7 Aligned with FarCom 300 Cogmind --------- Core Integrity 0/250 Matter 285/300 Energy 400/400 System Corruption 0% Temperature Cool (0) Movement Core (200) Ox3 Location -9/Mines Parts ------- > --- POWER (1) -------- (None) > --- PROPULSION (2) --- (None) > --- UTILITY (2) ------ Medium Battery Medium Battery > --- WEAPON (2) ------- AWS/Thermal > --- INVENTORY (5) ---- Medium Battery (150) Visual Processing Unit ECM Suite Peak State ------------ > --- POWER ------------ (None) > --- PROPULSION ------- (None) > --- UTILITY ---------- Medium Battery Medium Battery > --- WEAPON ----------- AWS/Thermal > --- INVENTORY -------- Medium Battery [Rating: 18] Favorites ----------- Power None Propulsion None Utility Medium Battery Storage Medium Battery Weapon AWS/Thermal Energy Gun AWS/Thermal Build | -11 -10 -10 -10 -9 ------- Run | Yrd Mat Min Exi Min Slots Evolved . | . . . . . Power . | . . . . . Propulsion . | . . . . . Utility . | . . . . . Weapon . | . . . . . Parts Attached 4 | . . . . 4 Power . | . . . . . Engine . | . . . . . Core . | . . . . . Reactor . | . . . . . Propulsion . | . . . . . Treads . | . . . . . Leg . | . . . . . Wheel . | . . . . . Hover . | . . . . . Flight . | . . . . . Utility 3 | . . . . 3 Device . | . . . . . Storage 3 | . . . . 3 Processor . | . . . . . Hackware . | . . . . . Protection . | . . . . . Artifact . | . . . . . Weapon 1 | . . . . 1 Energy Gun 1 | . . . . 1 Energy Cannon . | . . . . . Ballistic Gun . | . . . . . Ballistic Cannon . | . . . . . Launcher . | . . . . . Special Weapon . | . . . . . Impact Weapon . | . . . . . Slashing Weapon . | . . . . . Piercing Weapon . | . . . . . Special Melee Weapon . | . . . . . Unidentified Prototypes 1 | . . . . 1 Parts Lost . | . . . . . Power . | . . . . . Propulsion . | . . . . . Utility . | . . . . . Weapon . | . . . . . Highest Loss Streak . | . . . . . To Critical Strikes . | . . . . . Average Backups 1 | . . . . 2 Power . | . . . . . Propulsion . | . . . . . Utility . | . . . . 2 Weapon . | . . . . . Tool/Special . | . . . . . Unused Backups 4 | . . . 2 2 Power . | . . . . . Propulsion . | . . . . . Utility 4 | . . . 2 2 Weapon . | . . . . . Tool/Special . | . . . . . Average Slot Usage (%) 10 | . . . . 36 Storage 7 | . . . . 24 Energy Gun 3 | . . . . 11 Peak Build Rating 18 | . . . 1 18 Average Rating 4 | . . . . 14 On Entrance . | . . . . 1 Avg Prop Armor Cover (%) . | . . . . . Naked Turns 649 | . 46 90 485 28 Heaviest Build 12 | . . . . 12 Greatest Support 3 | 3 3 3 3 3 Greatest Overweight (x) 3 | . . . . 3 Average Overweight (x) . | . . . . 1 Largest Inventory Capacity 5 | 5 5 5 5 5 Average Capacity 5 | 5 5 5 5 5 Most Carried 5 | . . . 5 5 Average Carried 1 | . . . 1 2 Final Capacity 5 | 5 5 5 5 5 Final Carried 5 | . . . 5 3 Class Distribution -------------------- 100% | Mutant Dominant Class ---------------- Mutant | -10/Materials Mutant | -10/Mines Mutant | -10/Exiles Mutant | -9/Mines Resources | -11 -10 -10 -10 -9 ----------- Run | Yrd Mat Min Exi Min Matter Collected 473 | 56 . . 382 35 Remotely . | . . . . . Salvage Created . | . . . . . Parts . | . . . . . Haulers Intercepted . | . . . . . Recyclers Shooed . | . . . . . Parts Field Recycled . | . . . . . Retrieved Matter . | . . . . . Parts Self-Destructed . | . . . . . Prevented . | . . . . . Parts Restored . | . . . . . Kills | -11 -10 -10 -10 -9 ------- Run | Yrd Mat Min Exi Min Combat Hostiles Destroyed . | . . . . . Classes Destroyed . | . . . . . Best Kill Streak . | . . . . . Combat Bots Only . | . . . . . Max Kills in Single Turn . | . . . . . Gunslinging . | . . . . . Exploded . | . . . . . Melee . | . . . . . Uniques/NPCs Destroyed . | . . . . . Combat | -11 -10 -10 -10 -9 -------- Run | Yrd Mat Min Exi Min Hostile Shots Fired 58 | . 49 8 . 1 Missed 30 | . 27 3 . . Hits 28 | . 22 5 . 1 Melee 1 | . . . . 1 Projectile 27 | . 22 5 . . Damage Taken 275 | . 179 65 . 31 Core 275 | . 179 65 . 31 Absorbed by Shields . | . . . . . Core Remaining (%) 100 | 100 . . . . Volleys Fired . | . . . . . Largest . | . . . . . Hottest . | . . . . . Shots Fired 3 | . . . . 3 Gun 3 | . . . . 3 Cannon . | . . . . . Launcher . | . . . . . Special . | . . . . . Kinetic . | . . . . . Thermal 3 | . . . . 3 Explosive . | . . . . . Electromagnetic . | . . . . . Robot Hit Streak 3 | . . . . 3 Robot Miss Streak . | . . . . . Penetration Max . | . . . . . Secondary Targets . | . . . . . Autonomous 3 | . . . . 3 Shots Hit Robots 3 | . . . . 3 Core Hits 1 | . . . . 1 Critical Kills . | . . . . . Critical Parts Destroyed . | . . . . . Critical Strikes . | . . . . . Melee Attacks . | . . . . . Impact . | . . . . . Slashing . | . . . . . Piercing . | . . . . . Sneak Attacks . | . . . . . Combat Hostiles . | . . . . . Follow-up Attacks . | . . . . . Damage Inflicted 86 | . . . . 86 Guns 86 | . . . . 86 Cannons . | . . . . . Explosions . | . . . . . Melee . | . . . . . Ramming . | . . . . . Kinetic . | . . . . . Thermal 86 | . . . . 86 Explosive . | . . . . . Electromagnetic . | . . . . . Impact . | . . . . . Slashing . | . . . . . Piercing . | . . . . . Highest Corruption . | . . . . . Average Corruption . | . . . . . Corruption Purged . | . . . . . Corruption Blocked . | . . . . . Overload Shots . | . . . . . Overflow Damage . | . . . . . Projectiles . | . . . . . Explosions . | . . . . . Melee . | . . . . . Knockbacks . | . . . . . Impact . | . . . . . Kinetic . | . . . . . Secondary . | . . . . . Self-Inflicted Damage . | . . . . . Shots . | . . . . . Rammed . | . . . . . Targets Rammed . | . . . . . Kicked . | . . . . . Crushed . | . . . . . Highest Temperature . | . . . . . Average Temperature . | . . . . . Received Heat Transfer 9 | . . 9 . . Siege Activations . | . . . . . Martial Activations . | . . . . . Shielding Activations . | . . . . . Robots Disrupted . | . . . . . Combat Hostiles . | . . . . . Robots Corrupted . | . . . . . Combat Hostiles . | . . . . . Parts Fried . | . . . . . Impact Corruptions . | . . . . . Robots Melted . | . . . . . Combat Hostiles . | . . . . . Parts Melted . | . . . . . Heat Transferred 111 | . . . . 111 Parts Sabotaged . | . . . . . Parts Stolen . | . . . . . Parts Stripped . | . . . . . Power Chain Reactions . | . . . . . Alert | -11 -10 -10 -10 -9 ------- Run | Yrd Mat Min Exi Min Maximum Alert Level . | . . . . . Low Security (%) 100 | 100 100 100 . 100 Level 1 . | . . . . . Level 2 . | . . . . . Level 3 . | . . . . . Level 4 . | . . . . . Level 5 . | . . . . . High Security . | . . . . . Max Security . | . . . . . Peak Influence 80 | . . 80 . . Initial . | . . . . . Average 11 | . . 49 . . Influence Increases 90 | . . 90 . . Destroy 0b10 Robot/C 60 | . . 60 . . Destroy Leader 10 | . . 10 . . Allied During Kill 5 | . . 5 . . Lose Combat Pursuer 15 | . . 15 . . Influence Decreases 90 | . . 40 50 . Entered New Map 50 | . . . 50 . Time Decay 40 | . . 40 . . Squads Dispatched . | . . . . . Investigation . | . . . . . Extermination . | . . . . . Reinforcement . | . . . . . Assault . | . . . . . Garrison . | . . . . . Intercept . | . . . . . Searches Triggered . | . . . . . Construction Impeded . | . . . . . Haulers Reinforced . | . . . . . Active Scanning Responses . | . . . . . Cargo Convoy Interrupts . | . . . . . Stealth | -11 -10 -10 -10 -9 --------- Run | Yrd Mat Min Exi Min Distress Signals 1 | . 1 . . . Communications Jammed . | . . . . . Distress Signals . | . . . . . Times Spotted 14 | . 9 3 . 2 Peak Tracking Total 9 | . 9 3 . 2 Tactical Retreats 1 | . . 1 . . Traps | -11 -10 -10 -10 -9 ------- Run | Yrd Mat Min Exi Min Traps Triggered . | . . . . . Indirectly . | . . . . . Trap Hack Attempts . | . . . . . Triggered . | . . . . . Disarmed . | . . . . . Reprogrammed . | . . . . . Reused . | . . . . . Traps Extracted . | . . . . . Installed . | . . . . . Triggered . | . . . . . Machines | -11 -10 -10 -10 -9 ---------- Run | Yrd Mat Min Exi Min Machines Disabled . | . . . . . Max in Single Turn . | . . . . . Machines Repaired . | . . . . . Machines Dismantled . | . . . . . Machines Sabotaged . | . . . . . Overloaded Fab Kills . | . . . . . Hacking | -11 -10 -10 -10 -9 --------- Run | Yrd Mat Min Exi Min Machines Accessed 1 | . . . 1 . Terminals . | . . . . . Fabricators . | . . . . . Repair Stations . | . . . . . Recycling Units . | . . . . . Scanalyzers . | . . . . . Garrison Access . | . . . . . Total Hacks 2 | . . . 2 . Successful 2 | . . . 2 . Failed . | . . . . . Catastrophic . | . . . . . Database Lockouts . | . . . . . Manual 2 | . . . 2 . Terminals . | . . . . . Fabricators . | . . . . . Repair Stations . | . . . . . Recycling Units . | . . . . . Scanalyzers . | . . . . . Garrison Access . | . . . . . Terminal Hacks 2 | . . . 2 . Record 2 | . . . 2 . Fabricator Hacks . | . . . . . Repair Station Hacks . | . . . . . Recycling Unit Hacks . | . . . . . Scanalyzer . | . . . . . Garrison Access Hacks . | . . . . . Unauthorized Hacks . | . . . . . Terminals . | . . . . . Fabricators . | . . . . . Repair Stations . | . . . . . Recycling Units . | . . . . . Scanalyzers . | . . . . . Garrison Access . | . . . . . Data Cores Recovered . | . . . . . Used . | . . . . . Hacking Detections . | . . . . . Full Trace Events . | . . . . . Feedback Events . | . . . . . Feedback Blocked . | . . . . . Robot Schematics Acquired . | . . . . . Robots Built . | . . . . . Authchips . | . . . . . Time . | . . . . . Total Robot Build Rating . | . . . . . Part Schematics Acquired . | . . . . . Parts Built . | . . . . . Authchips . | . . . . . Time . | . . . . . Total Part Build Rating . | . . . . . Part Studies Acquired . | . . . . . Parts Repaired . | . . . . . Time . | . . . . . Parts Recycled . | . . . . . Recycled Matter . | . . . . . Retrieved Matter . | . . . . . Retrieved Components . | . . . . . Parts Scanalyzed . | . . . . . Part Schematics Acquired . | . . . . . Parts Damaged . | . . . . . Bothacking | -11 -10 -10 -10 -9 ------------ Run | Yrd Mat Min Exi Min Used RIF Installer . | . . . . . Robots Hacked . | . . . . . Non-combat . | . . . . . Combat . | . . . . . Robot Hacks Applied . | . . . . . Relay Couplers Released . | . . . . . Fabnet Peak Effective % . | . . . . . Robots Rewired . | . . . . . Allies Hacked . | . . . . . Hacks Repelled . | . . . . . Allies | -11 -10 -10 -10 -9 -------- Run | Yrd Mat Min Exi Min Total Allies 2 | . . 2 . . Largest Group 2 | . . 2 2 . Highest-Rated Group 41 | . . 41 41 . Highest-Rated Ally 31 | . . 31 31 . Total Orders . | . . . . . Ally Attacks 13 | . . 13 . . Total Damage 103 | . . 103 . . Kills 3 | . . 3 . . Allies Corrupted . | . . . . . Allies Melted . | . . . . . Intel | -11 -10 -10 -10 -9 ------- Run | Yrd Mat Min Exi Min Active Infowar (turns) . | . . . . . Robot Analysis Total . | . . . . . Derelict Logs Recovered 1 | . . 1 . . Drone Launches . | . . . . . Drone Recoveries . | . . . . . Exploration | -11 -10 -10 -10 -9 ------------- Run | Yrd Mat Min Exi Min Turns Passed 884 | 9 46 90 485 254 Spaces Moved 1374 | 18 91 179 956 130 Core 1374 | 18 91 179 956 130 Treads . | . . . . . Legs . | . . . . . Wheels . | . . . . . Hover . | . . . . . Flight . | . . . . . Fastest Speed 50 | 50 50 50 50 50 Average Speed 58 | 50 50 50 50 140 Slowest Speed 200 | 50 50 50 50 200 Overloaded Moves . | . . . . . Propulsion Burnouts . | . . . . . Robots Hopped . | . . . . . Potential Cave-ins . | . . . . . Cave-ins Triggered . | . . . . . Exploration Rate (%) 33 | 3 26 28 94 14 Regions Visited 4 Branch Regions 3 Pre-discovered Areas . | . . . . . Known Exits Taken . | . . . . . Unknown Exits Taken 4 | 1 1 1 1 . Scrap Searched 1 | . . . . 1 Spaces Dug . | . . . . . Terrain Destroyed . | . . . . . Melee . | . . . . . Projectile . | . . . . . AOE . | . . . . . Terrain Rammed . | . . . . . Walls Destroyed . | . . . . . Machines Disabled . | . . . . . Actions | -11 -10 -10 -10 -9 --------- Run | Yrd Mat Min Exi Min Total 1451 | 17 90 178 963 203 Wait 64 | . . . . 64 Move 1370 | 17 90 178 955 130 Hop . | . . . . . Pick Up 8 | . . . 6 2 Fast Attach . | . . . . . Attach 5 | . . . . 5 Detach 2 | . . . . 2 Swap . | . . . . . Drop 2 | . . . 2 . Fire . | . . . . . Melee . | . . . . . Ram . | . . . . . Kick . | . . . . . Crush . | . . . . . Escape Stasis . | . . . . . Rewire . | . . . . . Trap . | . . . . . Miscellaneous . | . . . . . Route ------- -11/Scrapyard -10/Materials -10/Mines -10/Exiles (discovered 2 exits: [*Min x2]) -9/Mines History --------- Turn | Location | Event 4 | -11/Scrapyard | Discovered new exit (range 13) 10 | -11/Scrapyard | Entered Materials 44 | -10/Materials | Core integrity fell below 50% 50 | -10/Materials | Discovered new exit (range 12) 56 | -10/Materials | Entered Mines 59 | -10/Mines | Core integrity fell below 20% 68 | -10/Mines | Learned location of 1 exit from Materials 90 | -10/Mines | Deemed a non-threat by the Exiles lab entrance 91 | -10/Mines | Discovered new exit (range 5) 146 | -10/Mines | Entered Exiles 146 | -10/Exiles | Accompanied by 2 allies 154 | -10/Exiles | Discovered new exit (range 14) 176 | -10/Exiles | Led the pair of lost Derelicts to a safe place 209 | -10/Exiles | Met 8R-AWN 218 | -10/Exiles | Met EX-HEX 242 | -10/Exiles | Met EX-DEC 256 | -10/Exiles | Visited The Gauntlet 305 | -10/Exiles | Build established: Mutant 350 | -10/Exiles | Met EX-BIN 362 | -10/Exiles | Aligned with FarCom system 363 | -10/Exiles | Given EX-Vault access code 384 | -10/Exiles | Opened EX-Vault 386 | -10/Exiles | Found Prototype Energy Gun 397 | -10/Exiles | Warned to stay clear of 0b10 Research branches 450 | -10/Exiles | Discovered new exit (range 14) 631 | -10/Exiles | Left Exiles lab with AWS/Thermal 631 | -10/Exiles | Entered Mines 678 | -9/Mines | Identified AWS/Thermal 885 | -9/Mines | Destroyed by L-31 Rogue with Katana Last Messages --------------- 00611_ Acquired Med. Battery. 00612_ Dropped Lrg. Matter Pod. 00613_ Extracted 94 matter. 00613_ Dropped Lrg. Matter Pod. 00613_ Extracted 1 energy. 00614_ Acquired Med. Battery. 00615_ Extracted 2 energy. 00616_ Acquired Med. Battery. LOCATION=UNKNOWN GOAL=ESCAPE 00631_ Receiving FarCom transmissions... 00678_ Identified AWS/Thermal. 00770_ Searching scrap... 00770_ Found ECM Suite. 00770_ Found Visual Processing Unit. 00770_ Found 35 Matter. 00771_ Acquired 35 matter. 00774_ Acquired ECM Suite. 00779_ Acquired Visual Processing Unit. [Achievement: Drive-By] Map ----- +----------------------------------------------------+ | ??????????????????????????????????????? | | ??????????????????????????????????????? | | ??????????????????????????????????????? | | ??????????????????????????????????????? | | ??????????????????????????????????????? | | ??????????????????????????????????????? | | ??????????????????????????????????????? | | ??????????????????????????????????????? | | ??????????????????????????????????????? | | ??????????????????????????????????????? | | ??????????????????????????????????????? | | ??????????????????????????????????????? | | ??????#???????????????????????????????? | | ?????? ???????????????????????????????? | | ????## ???????????????????????????????? | | ???## ???????????????????????????????? | | ??## ???????????????????????????????? | | ??# #??####?????????????????????????? | | ??# #### ##????????????????????????? | | ??# ## ##???????????????????????? | | ???# ##??????????????????????? | | ???# ##?????????????????????? | | ??## """ #?????????????????????? | | ??# """ #?????????????????????? | | ??# ## """ l##????????????????????? | | ??# ### """@ ##???????????????????? | | ??# #### g #???????????????????? | | ??# #?#### #???????????????????? | | ??# #????## ##???????????????????? | | ??# ##?????#####????????????????????? | | ??# ##???????????????????????????????? | | ??# #????????????????????????????????? | | ??# #????????????????????????????????? | | ??# #????????????????????????????????? | | ??# #????????????????????????????????? | | ??# #?####???????????????????????????? | | ??# ### ##??????????????????????????? | | ??# ## ##?????????????????????????? | | ??# ## ##????????????????????????? | | ??# ### ##???????????????????????? | | ??# #?## ##???????s??????????????? | | ??# ##### ##?????????????????????? | | ??# ### #?????????????????????? | | ??###### #?## ##?????????????????????? | | ?????### #??## #??????????????????????? | | ????## ##??# #??????????????????????? | | ????# #### #??????????????????????? | | ????# #??????????????????????? | | ????## #####??????????????????????? | | ?????## ##?????????????????????????? | +----------------------------------------------------+ Best States ------------- Heat Dissipation 25 Energy Generation 5 Energy Capacity 400 Matter Stores 300 Matter Capacity 300 Sight Range 16 Terrain Scan Density 10 Evasion (%) 50 Item Schematics ----------------- None Robot Schematics ------------------ None Fabricated ------------ Nothing Repaired ---------- Nothing Studied --------- None Alien Tech Used ----------------- None Achievements -------------- Drive-By Sixth Sense Challenges ------------ None Game ------ Seed TitaniumPulseWeb Manual? 0 Play Time 00:15:40 Cumulative 34.2 hours Start 2025.12.17 @ 01:04:50 End 2025.12.18 @ 11:16:00 Sessions 2 Manual Loads 0 Difficulty Rogue Special Mode None Game No. 51 Rogue 51 Adventurer 0 Explorer 0 Win Type - Total 0 Types 0/0/0/0/0/0/0/0/0/0 Lore% 16 Gallery% 21 Achievement% 13 Wizard Run 0 Options --------- Layout 2 ASCII 1 Keyboard 0 Movement Vi Keybinds 0 Fullscreen 1 Font 16/SmallcapsGlow Map View 50x44 Zoom Use 0% Tactical HUD 1 Map Filters NONE Filters NONE Steam SD RUN: 8a6c5425-93d5-48f9-83f9-580df93f6580